[Event "Team 45 45 League T43"]
[Site "Internet Chess Club"]
[Date "2009.11.07"]
[Round "2"]
[White "whale5970"]
[Black "Beancounter"]
[Result "1-0"]
[WhiteElo "1596"]
[BlackElo "1647"]
[Opening "Caro-Kann: advance variation"]
[ECO "B12"]
[Time "09:01:38"]
[TimeControl "2700+45"]

1. e4 c6 2. d4 d5 3. e5 Bf5 4. h3 e6 5. c3 c5 6. Nf3 Nc6 7. b3 cxd4 8. cxd4 Bb4+
9. Bd2 Qb6 10. Be2 Nxd4 11. Bb5+ Qxb5 12. Nxd4 Bxd2+ 13. Qxd2 Qd3 14. Nc3 Qxd2+
15. Kxd2 Bg6 16. Ncb5 Ke7 17. Rac1 a6 18. Nd6 Nh6 19. Nxb7 Rhc8 20. Nd6 Rxc1 21.
Rxc1 Nf5 22. Nc6+ Kd7 23. Nxf5 Bxf5 24. Nd4 Bg6 25. Rc6 a5 26. Rb6 a4 27. b4 Kc7
28. Rd6 a3 29. Kc3 Bb1 30. Nb5+ Kc8 31. Kb3 Bd3 32. Nxa3 Bc4+ 33. Nxc4 dxc4+ 34.
Kb2 c3+ 35. Kxc3 Rxa2 36. Rd2 Ra1 37. Re2 Rb1 38. Kc4 Kc7 39. Kb5 Kb7 40. g3 Kc7
41. Re3 Kd7 42. Rd3+ Kc7 43. Rc3+ Kb7 44. Rf3 Kc8 45. Rxf7 Re1 46. f4 Rh1 47.
Rxg7 Rxh3 48. Kc6 {Black resigns} 1-0

[Event "Team 45 45 League T43"]
[Site "Internet Chess Club"]
[Date "2009.11.08"]
[Round "2"]
[White "FractalDante"]
[Black "quaksterjohny"]
[Result "0-1"]
[WhiteElo "1439"]
[BlackElo "1411"]
[Opening "Caro-Kann: two knights, 3...Bg4"]
[ECO "B10"]
[Time "16:00:30"]
[TimeControl "2700+45"]

1. e4 c6 2. Nf3 d5 3. Nc3 Bg4 4. h3 Bxf3 5. Qxf3 Nf6 6. exd5 cxd5 7. Bb5+ Nc6 8.
d3 g6 9. Bg5 Bg7 10. O-O-O e6 11. g4 a6 12. Bxc6+ bxc6 13. h4 h6 14. Bf4 Nd7 15.
d4 Qb6 16. Na4 Qb4 17. Qb3 Qb5 18. Nc3 Qxb3 19. axb3 O-O 20. Ne2 Rfe8 21. Rhe1
c5 22. dxc5 Nxc5 23. Be3 Rec8 24. Kb1 a5 25. Nc3 Bxc3 26. bxc3 Ne4 27. Bd4 Nxc3+
28. Bxc3 Rxc3 29. Rd3 Rxd3 30. cxd3 a4 31. bxa4 Rxa4 32. f3 Rf4 33. Rf1 e5 34.
Kc2 e4 35. Kd2 exf3 36. h5 Rxg4 37. hxg6 fxg6 38. Rxf3 g5 39. Ke2 Rf4 40. Rxf4
gxf4 41. Kf3 Kg7 42. Kxf4 Kf6 43. d4 h5 {White resigns} 0-1

[Event "Team 45 45 League T43"]
[Site "Internet Chess Club"]
[Date "2009.11.06"]
[Round "2"]
[White "Nikhil03"]
[Black "froggoathorse"]
[Result "1-0"]
[WhiteElo "1634"]
[BlackElo "1613"]
[Opening "Four knights: Scotch, 4...exd4"]
[ECO "C47"]
[Time "16:49:41"]
[TimeControl "2700+45"]

1. e4 e5 2. Nf3 Nc6 3. Nc3 Nf6 4. d4 exd4 5. Nxd4 d6 6. Nxc6 bxc6 7. Bg5 Be7 8.
Bc4 Nxe4 9. Bxe7 Qxe7 10. O-O Nxc3 11. bxc3 O-O 12. Re1 Qf6 13. Qd3 Bf5 14. Qf3
Bxc2 15. Qxc6 Kh8 16. Ba6 Qg6 17. Re2 Rab8 18. Qxc7 Be4 19. g3 Bf3 20. Re3 Rb1+
21. Rxb1 Qxb1+ 22. Bf1 Bg4 23. Qxd6 Rg8 24. Qd3 Qxa2 25. Qe4 Be6 26. Bd3 g6 27.
Qd4+ Rg7 28. Re2 Qa1+ 29. Kg2 Qa5 30. Bc4 Qc7 31. Bxe6 fxe6 32. Rxe6 Qb7+ 33.
Qe4 Qxe4+ 34. Rxe4 Rc7 35. Ra4 Kg7 36. c4 Kf6 37. Kf3 Re7 38. Ra6+ Ke5 39. Ke3
Kf5+ 40. Kd3 Kg4 41. h4 Rf7 42. Ra2 Kf3 43. c5 Kg2 44. c6 Rc7 45. Rc2 a5 46. Kd4
a4 47. Kc5 a3 48. Kb6 Rc8 49. Kb7 Rf8 50. c7 Rf7 51. Kb8 Rf8+ 52. c8=Q Rxc8+ 53.
Kxc8 Kf3 54. Rc3+ Kxf2 55. Rxa3 Kg2 56. Kd8 Kh3 57. Ke8 Kg4 58. Kf7 g5 59. hxg5
Kxg5 60. Kg7 h5 61. Ra5+ Kg4 62. Kh6 Kxg3 63. Kxh5 Kf4 64. Kg6 Ke4 65. Kf6 Kd4
66. Ke6 Kc4 67. Kd6 Kb4 68. Rh5 Kc4 69. Rg5 Kb4 70. Kc6 Ka4 71. Kb6 Kb3 72. Rg4
Kc3 73. Kc5 Kd3 74. Ra4 Ke3 75. Kd5 Kf3 76. Ke5 Kg3 77. Kf5 Kh3 78. Kg5 Kg3 79.
Ra3+ Kf2 80. Kf4 Ke2 81. Rf3 Kd2 82. Ke4 Ke2 83. Rd3 Kf2 84. Ra3 Kg2 85. Kf4 Kh2
86. Kg4 Kg2 87. Ra2+ Kf1 88. Kf3 Ke1 89. Rh2 Kd1 90. Ke3 Kc1 91. Kd3 Kb1 92. Kc3
Ka1 93. Kb3 Kb1 94. Rh1# {Black checkmated} 1-0

[Event "Team 45 45 League T43"]
[Site "Internet Chess Club"]
[Date "2009.11.07"]
[Round "2"]
[White "philosopherking"]
[Black "Zappy"]
[Result "1-0"]
[WhiteElo "1453"]
[BlackElo "1488"]
[Opening "QGD: Semi-Tarrasch defense, Pillsbury variation"]
[ECO "D40"]
[Time "19:59:50"]
[TimeControl "2700+45"]

1. d4 Nf6 2. c4 e6 3. Nf3 d5 4. Nc3 c5 5. Bg5 cxd4 6. Nxd4 Nc6 7. e3 Nxd4 8.
Qxd4 Be7 9. cxd5 exd5 10. Bxf6 Bxf6 11. Bb5+ Ke7 12. Nxd5+ Kf8 13. Qc5+ Kg8 14.
Rd1 b6 15. Qc6 Bd7 16. Nxf6+ Qxf6 17. Qxa8+ Bc8 18. Qxc8+ Qd8 19. Qxd8# {Black
checkmated} 1-0

[Event "Team 45 45 League T43"]
[Site "Internet Chess Club"]
[Date "2009.11.07"]
[Round "2"]
[White "parrot9"]
[Black "Esslinger"]
[Result "1-0"]
[WhiteElo "1756"]
[BlackElo "1384"]
[Opening "Scandinavian (center counter) defense"]
[ECO "B01"]
[Time "10:00:27"]
[TimeControl "2700+45"]

1. e4 d5 2. exd5 Qxd5 3. Nc3 Qa5 4. d4 c6 5. Nf3 Nf6 6. Bd2 Qd8 7. Bc4 Bf5 8.
O-O Nbd7 9. Qe2 Bxc2 10. Ng5 Bg6 11. f4 e6 12. f5 Bh5 13. Qd3 h6 14. fxe6 hxg5
15. exd7+ Qxd7 16. Rae1+ Be7 17. Rxe7+ Kxe7 18. Bxg5 Kf8 19. Bxf6 gxf6 20. Ne4
Bg6 21. Rxf6 Rh7 22. Rxg6 Qc7 23. Rg3 {Black resigns} 1-0

[Event "Team 45 45 League T43"]
[Site "Internet Chess Club"]
[Date "2009.11.07"]
[Round "2"]
[White "AndersO"]
[Black "Invicta-Knight"]
[Result "0-1"]
[WhiteElo "1389"]
[BlackElo "1491"]
[Opening "Scandinavian defense"]
[ECO "B01"]
[Time "15:03:31"]
[TimeControl "2700+45"]

1. e4 d5 2. exd5 Nf6 3. d4 Qxd5 4. Nc3 Qd6 5. Nf3 Nc6 6. Bb5 a6 7. Bxc6+ Qxc6 8.
O-O Bg4 9. d5 Qd6 10. Qd3 O-O-O 11. Rd1 e6 12. Bg5 Be7 13. h3 Bf5 14. Qe2 exd5
15. Bxf6 Bxf6 16. Rxd5 Qb6 17. Rxf5 Qxb2 18. Rb1 Qxc3 19. Rf4 Rhe8 20. Re4 Qc6
21. Rxe8 Rxe8 22. Qd3 g6 23. Qb3 Re7 24. Rd1 Qc3 25. Qd5 Kb8 26. Rb1 b6 27. Rc1
Qb2 28. Qd8+ Ka7 29. Qd1 Qxa2 30. Qd3 Qb2 31. Rd1 Qc3 32. Qxc3 Bxc3 33. Kf1 a5
34. Rd3 Bb4 35. Nd4 Re1# {White checkmated} 0-1

[Event "Team 45 45 League T43"]
[Site "Internet Chess Club"]
[Date "2009.11.09"]
[Round "2"]
[White "EyeAm"]
[Black "Kingangyal"]
[Result "1-0"]
[WhiteElo "1598"]
[BlackElo "1455"]
[Opening "Pirc: classical system, 5.Be2"]
[ECO "B08"]
[Time "19:00:12"]
[TimeControl "2700+45"]

1. e4 d6 2. d4 Nf6 3. Nc3 g6 4. Nf3 Bg7 5. Be2 O-O 6. O-O c6 7. Bg5 Bg4 8. h3
Bxf3 9. Bxf3 Qc7 10. Qd2 e5 11. d5 a5 12. Rfd1 Rd8 13. a3 Na6 14. Qe2 h6 15. Be3
Rac8 16. Rac1 b5 17. dxc6 Qxc6 18. Nxb5 Rb8 19. c4 Nxe4 20. Bxe4 Qxe4 21. Nxd6
Qc6 22. c5 Nc7 23. Qc4 Ne6 24. b4 axb4 25. axb4 Ra8 26. b5 Qc7 27. b6 Qc6 28.
Qd5 Qxd5 29. Rxd5 Rab8 30. c6 Ra8 31. c7 Nxc7 32. bxc7 Rd7 33. c8=Q+ Rxc8 34.
Rxc8+ Bf8 35. Bxh6 {Black resigns} 1-0

[Event "Team 45 45 League T43"]
[Site "Internet Chess Club"]
[Date "2009.11.07"]
[Round "2"]
[White "kingsrook"]
[Black "stputte"]
[Result "0-1"]
[WhiteElo "1295"]
[BlackElo "1469"]
[Opening "Dutch"]
[ECO "A80"]
[Time "14:00:14"]
[TimeControl "2700+45"]

1. d4 f5 2. Nf3 Nf6 3. Bf4 g6 4. h3 Bg7 5. e3 O-O 6. c4 d6 7. Nc3 c6 8. Qb3 Kh8
9. Bd3 Qe8 10. O-O Nbd7 11. Rfe1 e5 12. Bh2 e4 13. Bxd6 exd3 14. Bxf8 Bxf8 15.
Rad1 d2 16. Nxd2 g5 17. Qc2 Nb6 18. b3 Qh5 19. e4 g4 20. e5 Ne8 21. Qd3 Bb4 22.
hxg4 fxg4 23. Qg3 Ng7 24. e6 Bxe6 25. Re5 Qf7 26. Nde4 Nh5 27. Qh4 Bf5 28. Qg5
Rf8 29. Re1 Nd7 30. Rxf5 Qxf5 31. Qd2 Bxc3 32. Nxc3 Ndf6 33. Qe3 Re8 34. Qd2
Rxe1+ 35. Qxe1 Qd7 36. Qe3 Qe8 37. Qd2 Qd7 38. Qe3 Qf5 39. Qe2 Nf4 40. Qd2 Ne4
41. Nxe4 Qxe4 42. Kf1 Qxg2+ 43. Ke1 Qg1# {White checkmated} 0-1

[Event "Team 45 45 League T43"]
[Site "Internet Chess Club"]
[Date "2009.11.06"]
[Round "2"]
[White "Freitac"]
[Black "nardz"]
[Result "1/2-1/2"]
[WhiteElo "1964"]
[BlackElo "2056"]
[Opening "QGD Slav defense: exchange variation"]
[ECO "D13"]
[Time "18:11:43"]
[TimeControl "2700+45"]

1. d4 d5 2. c4 c6 3. cxd5 cxd5 4. Nc3 Nf6 5. Nf3 Nc6 6. Bf4 a6 7. Rc1 Bf5 8. e3
e6 9. Be2 Be7 10. O-O O-O 11. Nh4 Be4 12. f3 Bg6 13. Nxg6 hxg6 14. Bg5 Rc8 15.
Na4 Nd7 16. Bxe7 Qxe7 17. Nc5 Nxc5 18. Rxc5 Nb4 19. a3 Rxc5 20. dxc5 Nc6 21. b4
Rd8 22. Qa4 d4 23. exd4 Rxd4 24. Bxa6 Rd2 25. Rf2 Rxf2 26. Kxf2 Qh4+ 27. Kf1 Ne5
28. Bxb7 Nd3 29. Ke2 Nf4+ 30. Ke3 Nxg2+ 31. Kd3 Qe1 32. Qc2 Qe3+ 33. Kc4 Ne1 34.
Qc3 Qe2+ 35. Kb3 Qd1+ 36. Kc4 Qe2+ 37. Kb3 Qd1+ 38. Kc4 Qe2+ 39. Kb3 {Game drawn
by repetition} 1/2-1/2

[Event "Team 45 45 League T43"]
[Site "Internet Chess Club"]
[Date "2009.11.04"]
[Round "2"]
[White "QueensCounselor"]
[Black "Nosferatu1"]
[Result "1-0"]
[WhiteElo "2054"]
[BlackElo "1834"]
[Opening "Nimzo-Indian: classical, 4...c5"]
[ECO "E38"]
[Time "13:03:32"]
[TimeControl "2700+45"]

1. d4 Nf6 2. c4 e6 3. Nc3 Bb4 4. Qc2 c5 5. dxc5 Na6 6. a3 Bxc3+ 7. Qxc3 Nxc5 8.
f3 d5 9. cxd5 Qxd5 10. e4 Qc6 11. Be3 Na4 12. Qb4 Bd7 13. Rc1 a5 14. Qd2 Nxe4
15. fxe4 Qxe4 16. b3 Nb6 17. Qd4 Qxd4 18. Bxd4 Nd5 19. Bxg7 Rg8 20. Bh6 Rg6 21.
Bd2 Bc6 22. Nf3 f6 23. Kf2 Kf7 24. Bd3 Rg7 25. Rhe1 Rag8 26. g3 h5 27. Bxa5 e5
28. Bc4 Ke6 29. Rcd1 Kd6 30. Bb4+ Ke6 31. Nd4+ Kd7 32. Nxc6 bxc6 33. Bxd5 cxd5
34. Rxd5+ Ke6 35. Rd6+ Kf5 36. Re3 Rg6 37. Rf3+ Kg5 38. Bd2+ Kg4 39. Rdxf6 R6g7
40. Kg2 h4 41. h3+ Kh5 42. R3f5+ Rg5 43. g4# {Black checkmated} 1-0

[Event "Team 45 45 League T43"]
[Site "Internet Chess Club"]
[Date "2009.11.08"]
[Round "2"]
[White "baumhauer"]
[Black "BRAINWAVE"]
[Result "1-0"]
[WhiteElo "1936"]
[BlackElo "1767"]
[Opening "Réti v Dutch"]
[ECO "A04"]
[Time "14:43:37"]
[TimeControl "2700+45"]

1. Nf3 f5 2. c4 Nf6 3. b3 e6 4. Bb2 d5 5. d3 c6 6. g3 Bd6 7. Bg2 O-O 8. Nbd2
Nbd7 9. O-O Qe7 10. Re1 b6 11. e4 fxe4 12. dxe4 dxe4 13. Ng5 Nc5 14. Ndxe4 Ncxe4
15. Nxe4 Nxe4 16. Bxe4 Bc5 17. Bd4 Bxd4 18. Qxd4 c5 19. Qe5 Rb8 20. Qxb8 Qf6 21.
Qf4 Qxf4 22. gxf4 Rxf4 23. Rad1 {Black resigns} 1-0

[Event "Team 45 45 League T43"]
[Site "Internet Chess Club"]
[Date "2009.11.07"]
[Round "2"]
[White "sandham"]
[Black "charles-allen"]
[Result "1-0"]
[WhiteElo "2034"]
[BlackElo "1868"]
[Opening "Petrov three knights game"]
[ECO "C42"]
[Time "17:00:37"]
[TimeControl "2700+45"]

1. e4 e5 2. Nf3 Nf6 3. Nc3 Bb4 4. Nxe5 O-O 5. Be2 Re8 6. Nd3 Bxc3 7. dxc3 Nc6 8.
f3 d5 9. exd5 Qxd5 10. O-O Bf5 11. Bf4 Re7 12. Rf2 Rae8 13. Bf1 Nh5 14. Bd2 Bg6
15. Re2 Ne5 16. Nxe5 Rxe5 17. Rxe5 Rxe5 18. Be1 Qc5+ 19. Bf2 Qe7 20. Qd2 h6 21.
c4 c5 22. Rd1 Nf6 23. Qd8+ Qxd8 24. Rxd8+ Kh7 25. Rb8 b6 26. Rb7 Bxc2 27. Rxa7
Bg6 28. Rb7 Re6 29. b4 Ne8 30. bxc5 bxc5 31. Bxc5 Nd6 32. Rb6 Ne8 33. Rxe6 fxe6
34. a4 Nc7 35. a5 Na8 36. Bd6 Be8 37. Bd3+ Bg6 38. Bxg6+ Kxg6 39. c5 Kf7 40. c6
Ke8 41. Kf2 Kd8 42. Ke3 Nc7 43. Bxc7+ Kxc7 44. Ke4 Kxc6 45. Ke5 {Black resigns}
1-0

[Event "Team 45 45 League T43"]
[Site "Internet Chess Club"]
[Date "2009.11.07"]
[Round "2"]
[White "Ptzz"]
[Black "Constrictor"]
[Result "1-0"]
[WhiteElo "2033"]
[BlackElo "1851"]
[Opening "QGD Slav: Dutch variation, main line"]
[ECO "D19"]
[Time "16:00:14"]
[TimeControl "2700+45"]

1. d4 c6 2. c4 d5 3. Nf3 Nf6 4. Nc3 dxc4 5. a4 Bf5 6. e3 e6 7. Bxc4 Bb4 8. O-O
O-O 9. Qe2 Nbd7 10. e4 Bg6 11. Bd3 h6 12. Rd1 Rc8 13. Bf4 Re8 14. h3 a6 15. Rac1
Qe7 16. e5 Bxd3 17. Qxd3 Nd5 18. Nxd5 cxd5 19. Rxc8 Rxc8 20. Rc1 Rxc1+ 21. Bxc1
Nf8 22. Qc2 Qd7 23. Bd2 Bxd2 24. Nxd2 Qd8 25. b4 Nd7 26. Nb3 Nb6 27. Nc5 Qc7 28.
a5 Nc4 29. Qa4 Kf8 30. Qd7 Qxd7 31. Nxd7+ Ke7 32. Nc5 Na3 33. Nxb7 Nc2 34. b5
Nxd4 35. bxa6 Nc6 36. Nd6 Na7 37. f4 f6 38. Kf2 fxe5 39. fxe5 Kd7 40. Ke3 Nc8
41. Kd4 Na7 42. Kc5 Nc8 43. Nb5 {Black resigns} 1-0

[Event "Team 45 45 League T43"]
[Site "Internet Chess Club"]
[Date "2009.11.09"]
[Round "2"]
[White "viking99"]
[Black "PaulKaspar"]
[Result "1/2-1/2"]
[WhiteElo "1848"]
[BlackElo "1893"]
[Opening "Caro-Kann: advance variation"]
[ECO "B12"]
[Time "16:06:50"]
[TimeControl "2700+45"]

1. e4 c6 2. d4 d5 3. e5 Bf5 4. Nc3 e6 5. g4 Bg6 6. Nge2 Bb4 7. h4 Be4 8. Rh3 h5
9. Ng3 Bg6 10. gxh5 Bh7 11. Bd3 Bxd3 12. Qxd3 c5 13. dxc5 Bxc5 14. Qb5+ Nd7 15.
Bd2 Qb6 16. Qxb6 Bxb6 17. f4 a6 {Game drawn by mutual agreement} 1/2-1/2

[Event "Team 45 45 League T43"]
[Site "Internet Chess Club"]
[Date "2009.11.09"]
[Round "2"]
[White "ddlj81"]
[Black "HumanTornado"]
[Result "1/2-1/2"]
[WhiteElo "1852"]
[BlackElo "1847"]
[Opening "Sicilian: Pelikan, Chelyabinsk variation"]
[ECO "B33"]
[Time "22:30:15"]
[TimeControl "2700+45"]

1. e4 c5 2. Nf3 Nc6 3. d4 cxd4 4. Nxd4 Nf6 5. Nc3 e6 6. Ndb5 d6 7. Bf4 e5 8. Bg5
a6 9. Na3 b5 10. Nd5 Be7 11. Bxf6 Bxf6 12. c3 O-O 13. Nc2 Bg5 14. h4 Bh6 15. g4
{Game drawn by mutual agreement} 1/2-1/2

[Event "Team 45 45 League T43"]
[Site "Internet Chess Club"]
[Date "2009.11.08"]
[Round "2"]
[White "Constrictor"]
[Black "Qualm"]
[Result "1/2-1/2"]
[WhiteElo "1851"]
[BlackElo "1855"]
[Opening "King's Indian: Zinnowitz variation"]
[ECO "E61"]
[Time "16:04:57"]
[TimeControl "2700+45"]

1. Nf3 g6 2. d4 Bg7 3. c4 d6 4. Nc3 Nf6 5. Bg5 O-O 6. e4 Nc6 7. Be2 e5 8. dxe5
dxe5 9. Qxd8 Rxd8 10. Nd5 Nxd5 11. Bxd8 Ndb4 12. Bxc7 Nc2+ 13. Kd2 Nxa1 14. Rxa1
Bg4 15. Ke3 Rc8 16. Bd6 Nd4 17. Nxd4 exd4+ 18. Kd3 Bxe2+ 19. Kxe2 Rxc4 {Game
drawn by mutual agreement} 1/2-1/2

[Event "Team 45 45 League T43"]
[Site "Internet Chess Club"]
[Date "2009.11.06"]
[Round "2"]
[White "tenor"]
[Black "ghostfire"]
[Result "1-0"]
[WhiteElo "1785"]
[BlackElo "1797"]
[Opening "Sicilian: Scheveningen (Paulsen), classical variation"]
[ECO "B84"]
[Time "20:00:21"]
[TimeControl "2700+45"]

1. e4 c5 2. Nf3 d6 3. d4 cxd4 4. Nxd4 Nf6 5. Nc3 a6 6. Be2 e6 7. Be3 Be7 8. O-O
Qc7 9. Nb3 O-O 10. f4 Nc6 11. Bf3 Rd8 12. Qd2 b5 13. Qf2 Rb8 14. g4 a5 15. g5
Ne8 16. a3 Ba6 17. Rfd1 a4 18. Nd4 Nxd4 19. Bxd4 e5 20. Nd5 Qd7 21. Bb6 Rdc8 22.
Qg2 exf4 23. Bg4 Qb7 24. Bxc8 Rxc8 25. Bd4 Bf8 26. c3 Nc7 27. Nxf4 Re8 28. Re1
Ne6 29. Nd5 Nxd4 30. cxd4 Qa7 31. Rad1 Re6 32. Kh1 Rg6 33. Nf4 Re6 34. Nxe6 fxe6
35. g6 h6 36. Rf1 Qb8 37. Qf3 Qe8 38. Qf7+ Qxf7 39. Rxf7 b4 40. Rd2 d5 41. Rdf2
Bd6 42. e5 {Black resigns} 1-0

[Event "Team 45 45 League T43"]
[Site "Internet Chess Club"]
[Date "2009.11.07"]
[Round "2"]
[White "Monsieur"]
[Black "Theodulf"]
[Result "1-0"]
[WhiteElo "1621"]
[BlackElo "1680"]
[Opening "QGA: 3.e4"]
[ECO "D20"]
[Time "08:01:04"]
[TimeControl "2700+45"]

1. d4 d5 2. c4 dxc4 3. e4 e5 4. d5 f5 5. Bxc4 Nf6 6. Nc3 fxe4 7. Nxe4 Bb4+ 8.
Bd2 Bxd2+ 9. Nxd2 Nbd7 10. Ngf3 e4 11. Ng5 Ne5 12. O-O Nxc4 13. Qa4+ Bd7 14.
Qxc4 a6 15. a4 b5 16. Qa2 bxa4 17. d6 Rf8 18. Ne6 Qb8 19. dxc7 Qb7 20. Nxf8 Kxf8
21. Qa3+ Kg8 22. Qd6 Qc6 23. Qxc6 Bxc6 24. Rac1 Bd7 25. Rfd1 Bg4 26. f3 exf3 27.
Nxf3 Bc8 28. Ne5 g6 29. g4 h5 30. Nxg6 Kh7 31. Ne7 Bxg4 32. Rd8 Ra7 33. c8=Q
Bxc8 34. Nxc8 Rb7 35. Rc2 Ng4 36. Re8 Kg6 37. Re6+ Kg5 38. Rxa6 a3 39. Rxa3 Rd7
40. b4 Rd4 41. Rb3 Rd1+ 42. Kg2 Re1 43. Rg3 Kh4 44. Rxg4+ hxg4 45. Rb2 Rc1 46.
Ne7 Kg5 47. b5 Kf6 48. b6 {Black resigns} 1-0

[Event "Team 45 45 League T43"]
[Site "Internet Chess Club"]
[Date "2009.11.08"]
[Round "2"]
[White "MRX"]
[Black "upsan"]
[Result "1-0"]
[WhiteElo "1683"]
[BlackElo "1730"]
[Opening "Bird's opening"]
[ECO "A03"]
[Time "10:01:43"]
[TimeControl "2700+45"]

1. f4 d5 2. Nf3 Nf6 3. e3 g6 4. b3 Bg7 5. Bb2 O-O 6. Be2 c5 7. O-O Nc6 8. Qe1 e6
9. Qh4 Ne4 10. Qxd8 Rxd8 11. Bxg7 Kxg7 12. Ne5 Nxe5 13. fxe5 c4 14. d3 cxd3 15.
cxd3 Nc5 16. Rc1 Nd7 17. d4 Nb6 18. a4 Bd7 19. a5 Nc8 20. Nd2 Ne7 21. Rc7 Nf5
22. g4 Nh6 23. b4 f5 24. Bb5 Nxg4 25. Bxd7 Kh6 26. Ra3 {Black resigns} 1-0

[Event "Team 45 45 League T43"]
[Site "Internet Chess Club"]
[Date "2009.11.06"]
[Round "2"]
[White "SugarIslander"]
[Black "rolanding90"]
[Result "0-1"]
[WhiteElo "1683"]
[BlackElo "1757"]
[Opening "English: symmetrical, Benoni formation"]
[ECO "A31"]
[Time "20:06:39"]
[TimeControl "2700+45"]

1. d4 Nf6 2. c4 c5 3. Nf3 cxd4 4. Nxd4 g6 5. Nc3 Bg7 6. e4 d6 7. Be2 O-O 8. Be3
a6 9. O-O b6 10. Qc2 Bb7 11. Rac1 Nbd7 12. Rfd1 Rc8 13. Nf3 Qc7 14. Nd5 Nxd5 15.
exd5 e5 16. a3 h6 17. b4 f5 18. a4 g5 19. Qa2 f4 20. Bd2 e4 21. Ne1 Ne5 22. Bc3
Qd7 23. Bxe5 Bxe5 24. a5 f3 25. Bf1 bxa5 26. Qxa5 Qg4 27. Qb6 fxg2 28. Bxg2 Qh4
29. Rc2 Bxh2+ 30. Kf1 Bg3 31. Rdd2 Qf4 32. Re2 Bxd5 33. cxd5 Rxc2 34. Nxc2 Qc1+
35. Ne1 e3 36. Qxe3 Rxf2+ 37. Kg1 Rxe2 38. Qxc1 Rxe1+ 39. Qxe1 Bxe1 40. Bf1 Bxb4
41. Bxa6 h5 42. Kg2 Kg7 43. Be2 Kh6 44. Kg3 g4 45. Bd3 Kg5 46. Be4 h4+ 47. Kg2
h3+ 48. Kg3 Be1+ 49. Kh2 Kh4 50. Bf5 Bg3+ 51. Kh1 Be5 52. Be4 Kg3 53. Bf5 Kh4
54. Be4 g3 55. Kg1 Bd4+ 56. Kh1 g2+ 57. Bxg2 hxg2+ 58. Kxg2 Kg4 59. Kf1 Kf4 60.
Ke2 Ke4 61. Kd2 Kxd5 62. Kd3 Bf6 63. Ke3 Kc4 64. Kd2 d5 65. Kc2 Bg5 66. Kd1 Kc3
67. Ke2 d4 68. Kd1 d3 69. Ke1 Kc2 {White resigns} 0-1

[Event "Team 45 45 League T43"]
[Site "Internet Chess Club"]
[Date "2009.11.08"]
[Round "2"]
[White "tablerotico"]
[Black "qs16"]
[Result "1-0"]
[WhiteElo "1822"]
[BlackElo "1824"]
[Opening "Sicilian"]
[ECO "B50"]
[Time "04:01:17"]
[TimeControl "2700+45"]

1. e4 c5 2. Nf3 d6 3. c3 Nf6 4. Be2 e5 5. O-O Nc6 6. d3 Be7 7. Nbd2 h6 8. Qc2
Be6 9. Rd1 O-O 10. Nf1 Rc8 11. Ng3 Qc7 12. h3 d5 13. exd5 Nxd5 14. d4 cxd4 15.
cxd4 Qb6 16. dxe5 Nxe5 17. Qe4 Nxf3+ 18. Qxf3 Nb4 19. Be3 Bc5 20. Bxc5 Rxc5 21.
b3 Rfc8 22. Rd2 Rc1+ 23. Rxc1 Rxc1+ 24. Kh2 Qc7 25. Qe4 Nc6 26. f4 Ne7 27. Bd3
g6 28. Rc2 Rxc2 29. Bxc2 Nf5 30. Bd3 Qc3 31. Nxf5 Bxf5 32. Qe8+ Kg7 33. Bxf5
gxf5 34. Qe5+ Qxe5 35. fxe5 f4 36. g4 Kg6 37. Kg2 h5 38. Kf3 hxg4+ 39. Kxg4 f3
40. Kxf3 Kf5 41. h4 Kxe5 42. Kg4 Kf6 43. h5 b5 44. a3 a5 45. b4 a4 46. Kf4 Kg7
47. Kg5 Kh7 48. h6 Kg8 49. Kf6 Kh7 50. Kxf7 Kxh6 51. Ke6 {Black resigns} 1-0

[Event "Team 45 45 League T43"]
[Site "Internet Chess Club"]
[Date "2009.11.07"]
[Round "2"]
[White "oldsj"]
[Black "Kallistos"]
[Result "0-1"]
[WhiteElo "1628"]
[BlackElo "1694"]
[Opening "Ruy Lopez: closed, Borisenko defense"]
[ECO "C96"]
[Time "10:00:15"]
[TimeControl "2700+45"]

1. e4 e5 2. Nf3 Nc6 3. Bb5 a6 4. Ba4 Nf6 5. O-O Be7 6. Re1 d6 7. c3 b5 8. Bb3
Na5 9. Bc2 c5 10. h3 O-O 11. d4 Nc6 12. d5 Nb8 13. Nbd2 Nbd7 14. Nf1 Nb6 15. Ng3
Re8 16. Nh4 g6 17. Bh6 Bf8 18. Qc1 Nfxd5 19. exd5 Qxh4 20. Bg5 Bh6 21. Bxh6 Qe7
22. Be4 f5 23. Bg5 Qc7 24. Bc2 Bb7 25. Nxf5 gxf5 26. Bxf5 Qg7 27. Bh6 Qf6 28.
Be6+ Kh8 29. Qg5 Qxg5 30. Bxg5 Kg7 31. Rad1 Bc8 32. Bxc8 Raxc8 33. Re3 h6 34.
Bh4 Rf8 35. Rg3+ Kh7 36. Be7 Rf7 37. Bh4 c4 38. Rd2 Rc5 39. Re3 Rxd5 40. Rde2
Na4 41. b3 Rd1+ 42. Kh2 Nc5 43. b4 Nd3 44. f3 Kg6 45. g4 Nf4 46. Rf2 Nd5 47.
Ree2 Nxc3 48. Rc2 Rd3 49. Kg2 Nd1 50. Rfe2 Rfxf3 51. Rcd2 Rxh3 {White forfeits
on time} 0-1

[Event "Team 45 45 League T43"]
[Site "Internet Chess Club"]
[Date "2009.11.09"]
[Round "2"]
[White "abescac"]
[Black "jacknor"]
[Result "0-1"]
[WhiteElo "1449"]
[BlackElo "1595"]
[Opening "Sicilian: closed, 6.Be3"]
[ECO "B26"]
[Time "15:00:59"]
[TimeControl "2700+45"]

1. e4 c5 2. Nc3 g6 3. g3 Bg7 4. Bg2 d6 5. d3 Nc6 6. Be3 Bd7 7. Nge2 Nf6 8. O-O
O-O 9. a3 Rb8 10. Rb1 a6 11. Qd2 Ng4 12. h3 Nxe3 13. fxe3 b5 14. Nf4 e6 15. Rf2
a5 16. Rbf1 b4 17. axb4 axb4 18. Nd1 Ne5 19. b3 Bb5 20. Qe2 Qd7 21. h4 h6 22.
Bh3 Qe7 23. Nb2 Nf3+ 24. Qxf3 Bxb2 25. Qg4 Bd7 26. Nd5 exd5 27. Qxd7 Qxd7 28.
Bxd7 dxe4 29. dxe4 Be5 30. Kg2 f6 31. Be6+ Kg7 32. Bd5 Rb6 33. Ra1 Bxa1 {White
resigns} 0-1

[Event "Team 45 45 League T43"]
[Site "Internet Chess Club"]
[Date "2009.11.09"]
[Round "2"]
[White "katabatico"]
[Black "BarryNL"]
[Result "0-1"]
[WhiteElo "1311"]
[BlackElo "1512"]
[Opening "French: advance, Paulsen attack"]
[ECO "C02"]
[Time "14:00:17"]
[TimeControl "2700+45"]

1. e4 e6 2. d4 d5 3. e5 c5 4. c3 Nc6 5. Nf3 Qb6 6. Be2 Nge7 7. Na3 a6 8. O-O Nf5
9. Nc2 Be7 10. a3 O-O 11. b4 cxd4 12. cxd4 Bd7 13. Bb2 Na7 14. Bd3 Bb5 15. Re1
Bxd3 16. Qxd3 Rac8 17. Rac1 a5 18. bxa5 Qxb2 19. Rb1 Qxc2 20. Qxc2 Rxc2 21. Rxb7
Nc6 22. a6 Ra2 23. Rb3 Bxa3 24. g4 Nfxd4 25. Nxd4 Nxd4 26. a7 Nxb3 {White
resigns} 0-1

[Event "Team 45 45 League T43"]
[Site "Internet Chess Club"]
[Date "2009.11.08"]
[Round "2"]
[White "MCJR"]
[Black "Visin"]
[Result "1-0"]
[WhiteElo "1365"]
[BlackElo "1258"]
[Opening "Queen's pawn game, Chigorin variation"]
[ECO "D02"]
[Time "22:01:00"]
[TimeControl "2700+45"]

1. d4 d5 2. Nf3 Nc6 3. Bf4 Nf6 4. e3 e6 5. Nbd2 Nh5 6. Bg3 Nxg3 7. hxg3 Bd7 8.
c3 Qe7 9. Bb5 g6 10. Bd3 e5 11. dxe5 Nxe5 12. Nxe5 Qxe5 13. Qf3 f5 14. O-O-O
O-O-O 15. Rde1 Bc6 16. Qd1 Qe8 17. g4 fxg4 18. Qxg4+ Bd7 19. Qd4 Rg8 20. Qxa7
Bc6 21. Rxh7 Be7 22. Nb3 b6 23. Nd4 Kd7 24. Nxc6 Kxc6 25. Qa4+ Kb7 26. Qa6+ Kb8
27. Bb5 c6 28. Qxb6+ Kc8 {Black resigns} 1-0